cohdb
Replays
Latest Replays
All Replays
Popular Replays
Top Player Replays
Match Explorer
How It Works
Community
CoH3 Stats
Reddit
Sign in to upload your games and track your stats! →
Sign in with Steam
Match 40644615
Unlisted
Match 40644615
Overview
Messages
Build Orders
End
Construct Barracks
Selects Heavy Weapons
Riflemen Squad
Riflemen Squad
M1 Mortar Team
M1 Mortar Team
Riflemen Squad
Infantry Support Center
Construct Weapon Support Center
M3 Armored Personnel Carrier
Construct Motor Pool
Engineer Squad
M8 Greyhound Armored Car
Selects Assault Carriers
Selects Exchangeable Parts
Riflemen Squad
M8 Greyhound Armored Car
Forward Retreat Point
Selects M2HB .50cal Heavy Machine Gun
Selects Gallant Stand
Selects Black Dragon Artillery Barrage
Black Dragon Artillery Barrage
M3 Assault Carrier
Engineer Squad
Construct Tank Depot
Black Dragon Artillery Barrage
M1 Mortar Team
M1918 Browning Automatic Rifles
M1919 Machine Gun Team
M1919 Machine Gun Team
M3 Assault Carrier
M1 Anti-tank Gun Team
Grenade Package
Selects M26 Pershing Heavy Tank
M26 Pershing Heavy Tank
Engineer Squad
Black Dragon Artillery Barrage
Black Dragon Artillery Barrage
M4(105) Sherman Bulldozer
M1 Anti-tank Gun Team
M1 Anti-tank Gun Team
.30 cal Machine Gun
Engineer Squad
1Div MED
ninjawan
Luzinit24
wula
Valdai
武统台湾
Sailor
3171549246
0
0
Comments
sign in to comment!
No comments posted yet!